 Dungeon Crawl Stone Soup version 0.27-a0-1140-g099f9bb0e8 (webtiles) character file.

Game seed: 4351087227625295314

10980 bilbop the Thaumaturge (level 11, -11/79 HPs)
             Began as a Djinni Air Elementalist on May 10, 2021.
             Was a Priest of Yredelemnul.
             Mangled by a boulder beetle (22 damage)
             ... on level 1 of the Lair of Beasts.
             The game lasted 01:37:16 (16284 turns).

bilbop the Thaumaturge (Djinni Air Elementalist)   Turns: 16284, Time: 01:37:16

Health: -11/79     AC:  6    Str:  7    XL:     11   Next: 70%
Gold:   122        EV: 11    Int: 18    God:    Yredelemnul [***...] SH:  0 Dex: 16

rFire    + . .     SeeInvis .   a - staff of air
rCold    . . .     Faith    .   (no shield)
rNeg     + . .     Spirit   .   N - +0 troll leather armour
rPois    ∞         Reflect  .   (no helmet)
rElec    +         Harm     .   x - +1 cloak {rCorr}
rCorr    +         Rampage  .   (no gloves)
Will     ++++.     Clarity  +   (boots unavailable)
Stlth    +++.......             E - amulet of the Four Winds {rN+ Will+++ Clar}
HPRegen  1.23/turn              c - ring of ice
MPRegen  0.00/turn              v - +4 ring of slaying

@: flying, very slightly contaminated
A: sickness immunity, fire resistance 2, cold vulnerability 1, float, innate
caster, hp casting, extra vitality 1
a: Renounce Religion, Recall Undead Slaves, Injury Mirror, Animate Dead


You were on level 1 of the Lair of Beasts.
You worshipped Yredelemnul.
Yredelemnul was most pleased with you.
You visited 3 branches of the dungeon, and saw 13 of its levels.

You collected 692 gold pieces.
You spent 570 gold pieces at shops.

Inventory:

Hand Weapons
 b - a +5 dagger of venom
 m - a +2 vampiric short sword
 C - a +3 dagger
 L - a +0 quarterstaff of freezing
Missiles
 I - a curare-tipped dart
Armour
 u - a +0 leather armour
 x - a +1 cloak of preservation (worn)
 A - a +0 robe of willpower
 M - a +2 robe of cold resistance
 N - a +0 troll leather armour (worn)
Magical Staves
 a - a staff of air (weapon)
Jewellery
 c - a ring of ice (left hand)
 v - a +4 ring of slaying (right hand)
 E - the amulet of the Four Winds (around neck) {rN+ Will+++ Clar}
   (You bought it in a shop on level 8 of the Dungeon)

   [amulet of nothing]

   It protects you from negative energy.
   It protects you against confusion.
   It greatly increases your willpower.
 F - a ring of ice
 K - a ring of ice
Wands
 e - a wand of mindburst (13)
 n - a wand of polymorph (29)
 y - a wand of charming (7)
 B - a wand of iceblast (7)
 J - a wand of digging (2)
Scrolls
 g - 2 scrolls of brand weapon
 j - 3 scrolls of magic mapping
 r - 4 scrolls of identify
 s - 2 scrolls of enchant armour
 t - 3 scrolls of teleportation
 D - a scroll of blinking {unknown}
 H - a scroll of holy word {unknown}
 P - a scroll of fog {unknown}
 Q - a scroll of enchant weapon {unknown}
Potions
 d - 2 potions of invisibility
 f - a potion of resistance {unknown}
 h - a potion of lignification {unknown}
 i - a potion of attraction {unknown}
 k - 2 potions of magic {unknown}
 l - 3 potions of mutation {unknown}
 o - a potion of curing {unknown}
 p - 2 potions of heal wounds {unknown}
 q - 2 potions of degeneration {unknown}
 w - a potion of ambrosia {unknown}
 z - 4 potions of haste
 G - a potion of might {unknown}
Miscellaneous
 O - a phial of floods


   Skills:
 + Level 7.3 Fighting
 + Level 6.6 Long Blades
 + Level 0.0 Staves
 - Level 2.1 Dodging
 + Level 6.9 Stealth
 * Level 9.3 Spellcasting
 * Level 7.8 Invocations


You couldn't memorise any spells.
You knew the following spells:

 Your Spells              Type           Power      Damage    Failure   Level
a - Shock                 Conj/Air       100%       1d9       1%          1
b - Static Discharge      Conj/Air       58%        N/A       1%          2
c - Swiftness             Air            58%        N/A       1%          3
d - Airstrike             Air            29%        N/A       2%          4
e - Lightning Bolt        Conj/Air       29%        1d45      8%          5
f - Foxfire               Conj/Fire      100%       2x1d9     1%          1
g - Corpse Rot            Necr/Air       N/A        N/A       1%          2
h - Stone Arrow           Conj/Erth      82%        3d12      1%          3
i - Lesser Beckoning      Tloc           20%        N/A       1%          3
j - Sticky Flame          Conj/Fire      41%        2d6       2%          4
Your spell library was empty.

Dungeon Overview and Level Annotations

Branches:
Dungeon (11/15)            Temple (1/1) D:6            Lair (1/6) D:11
    Orc (0/2) D:10

Altars:
Ashenzari
Cheibriados
Dithmenos
Elyvilon
Fedhas
Gozag
Hepliaklqana
Kikubaaqudgha
Makhleb
Nemelex Xobeh
Okawaru
Qazlal
Ru
Sif Muna
Trog
Uskayaw
Vehumet
Wu Jian
Xom
Yredelemnul
Zin
The Shining One

Shops:
D:8 *

Portals:
Trove: D:10 (give +4 fire dragon scales)

Annotations:
D:6 1 runed translucent door, Drazool's ghost, novice GnFi


Innate Abilities, Weirdness & Mutations

You are immune to sickness and miasma.
You are immune to poison.
Your flesh is very heat resistant. (rF++)
You are vulnerable to cold. (rC-)
You float through the air rather than walking.
You learn spells naturally, not from books.
Your magical power is your life essence.
You have superior vitality. (+4 HP)


Message History

You feel a surge of power!
You hear a mighty clap of thunder!
The bolt of lightning hits the seven-headed hydra.
The seven-headed hydra is lightly wounded.
The seven-headed hydra roars!
You hear a howl!
You hear an angry hiss.
You hear a howl!
You hear a croak.
You hear an angry hiss. x3
You hear a croak. x3
A komodo dragon comes into view.
Casting: Lightning Bolt (dangerous; 8% risk of failure)
Confirm with . or Enter, or press ? or * to list all spells.
Aiming: Lightning Bolt (dangerous; 8% risk of failure)
Press: ? - help, Shift-Dir - straight line, f/p - seven-headed hydra
Aim: a seven-headed hydra (lightly wounded, 88% to hit)
You feel a surge of power!
You hear a mighty clap of thunder!
The bolt of lightning hits the seven-headed hydra!!
The seven-headed hydra is heavily wounded.
You hear a howl!
You hear an angry hiss. x4
A wolf comes into view.
Casting: Lightning Bolt (dangerous; 8% risk of failure)
Confirm with . or Enter, or press ? or * to list all spells.
Aiming: Lightning Bolt (dangerous; 8% risk of failure)
Press: ? - help, Shift-Dir - straight line, f/p - seven-headed hydra
Aim: a seven-headed hydra (heavily wounded, 88% to hit)
You feel a surge of power!
You hear a mighty clap of thunder!
The bolt of lightning hits the seven-headed hydra!
The seven-headed hydra is severely wounded.
You hear a howl! x2; You hear a loud, deep croak!
A wolf comes into view. x2; A bullfrog comes into view.
The boulder beetle hits you!!
The boulder beetle stops rolling and uncurls.
The seven-headed hydra bites you.
The seven-headed hydra closely misses you.
The seven-headed hydra bites you. The seven-headed hydra bites you!
The seven-headed hydra bites you. x2; The seven-headed hydra bites you!
* * * LOW HITPOINT WARNING * * *
The boulder beetle bites you!!
You die...
Your body rises from the dead as a mindless zombie.

.# #. .# ... ..
.. #.# #. .# ##
..... ....#
#.#. .#.# ..F
...
#.#B#.#.#...
#..@D......
#P.......##
.............
........h......
.............._
+.#l###h..h....
. .. .#.......
.. . ......#


You could see a boulder beetle, a seven-headed hydra, a komodo dragon, a cane
toad and 3 wolves.

Vanquished Creatures
  Erolcha (D:9)
  Fannar (D:11)
  A deep elf pyromancer (D:10)
  An unseen horror (D:10)
  A komodo dragon (D:11)
  A kobold demonologist (D:9)
  A troll (D:11)
  A vampire (D:10)
  16 yaks
  A shadow (D:11)
  A wraith (D:11)
  Eustachio (D:6)
  A steam dragon (D:10)
  Edmund (D:6)
  A vampire mosquito (D:11)
  An acid dragon (D:11)
  A water moccasin (D:11)
  An ice beast (D:3)
  6 orc warriors
  2 black bears
  2 necrophages
  2 ogres
  7 centaurs
  3 phantoms
  A kobold brigand (D:10)
  2 bullfrogs
  3 scorpions
  4 killer bees (D:9)
  4 wights (D:7)
  2 howler monkeys
  3 centaur zombies (D:9)
  Crazy Yiuf (D:6)
  3 bullfrog zombies
  5 hounds
  7 orc priests
  2 bullfrog skeletons
  2 jellies
  A centaur skeleton (D:5)
  5 iguanas
  7 orc wizards
  A killer bee zombie (D:6)
  A howler monkey skeleton (D:5)
  5 adders
  2 white imps (D:7)
  2 ufetubi
  5 dart slugs
  22 orcs
  8 endoplasms
  2 giant cockroaches
  9 goblins
  4 hobgoblins
  9 jackals
  3 quokkas
  8 ball pythons
  6 bats
  4 frilled lizards
  14 kobolds
  6 rats
218 creatures vanquished.

Vanquished Creatures (collateral kills)
  3 yaks
  A wraith (D:9)
  2 water moccasins (D:11)
  A kobold brigand (D:10)
  3 kobolds (D:10)
10 creatures vanquished.

Vanquished Creatures (others)
  An ogre zombie (D:9)
  A bullfrog zombie (D:9)
  2 centaur zombies
  A howler monkey zombie (D:9)
  2 killer bee zombies (D:9)
  3 kobold skeletons (D:10)
  2 kobold zombies (D:10)
  An orc skeleton (D:10)
  2 scorpion zombies (D:11)
  A yak skeleton (D:10)
  3 yak zombies (D:10)
  145 foxfires
  40 fungi
  53 plants
  4 toadstools (D:3)
261 creatures vanquished.

Grand Total: 489 creatures vanquished

Notes
Turn   | Place    | Note
-------+----------+-------------------------------------------
     0 | D:1      | bilbop the Djinni Air Elementalist began the quest for the
                  | Orb.
     0 | D:1      | Reached XP level 1. HP: 15/15 MP: 0/0
   242 | D:1      | Found a faded altar of an unknown god.
   268 | D:1      | Reached XP level 2. HP: 18/22 MP: 0/0
   548 | D:1      | Reached skill level 3 in Spellcasting
   780 | D:1      | Reached XP level 3. HP: 24/26 MP: 0/0
   780 | D:1      | Learned a level 1 spell: Foxfire
  1105 | D:1      | Reached skill level 1 in Fighting
  1386 | D:1      | Reached skill level 1 in Long Blades
  2104 | D:2      | Reached XP level 4. HP: 31/32 MP: 0/0
  2733 | D:3      | Found a stormy altar of Qazlal.
  3317 | D:3      | Noticed an ice beast
  3330 | D:3      | Killed an ice beast
  3331 | D:3      | Reached XP level 5. HP: 23/38 MP: 0/0
  3331 | D:3      | Learned a level 2 spell: Corpse Rot
  3516 | D:4      | Reached skill level 4 in Spellcasting
  3524 | D:4      | Noticed an ogre
  3530 | D:4      | Killed an ogre
  3531 | D:4      | Reached XP level 6. HP: 36/45 MP: 0/0
  4284 | D:4      | Reached XP level 7. HP: 40/49 MP: 0/0
  4284 | D:4      | Learned a level 3 spell: Stone Arrow
  4605 | D:5      | Entered Level 5 of the Dungeon
  4949 | D:5      | Reached skill level 5 in Spellcasting
  5411 | D:5      | Reached XP level 8. HP: 29/57 MP: 0/0
  5941 | D:6      | Noticed Edmund
  5947 | D:6      | Killed Edmund
  6253 | D:6      | Found a staircase to the Ecumenical Temple.
  6261 | Temple   | Entered the Ecumenical Temple
  6546 | Temple   | Became a worshipper of Yredelemnul the Dark
  6582 | D:6      | Reached skill level 6 in Spellcasting
  6670 | D:6      | Noticed Drazool's ghost (novice GnFi)
  6674 | D:6      | Found a runed translucent door.
  6832 | D:6      | Reached skill level 1 in Invocations
  6922 | D:6      | Reached XP level 9. HP: 15/63 MP: 0/0
  6922 | D:6      | Learned a level 3 spell: Lesser Beckoning
  7537 | D:6      | Noticed Eustachio
  7555 | D:6      | Killed Eustachio
  8059 | D:6      | Found a runed translucent door.
  8060 | D:6      | Noticed Crazy Yiuf
  8126 | D:6      | Killed Crazy Yiuf
  8390 | D:7      | Reached skill level 5 in Fighting
  8390 | D:7      | Reached skill level 5 in Stealth
  8570 | D:7      | Reached * piety under Yredelemnul
  8759 | D:7      | Reached skill level 7 in Spellcasting
 10003 | D:8      | Found Jorr's General Store.
 10550 | D:9      | Reached skill level 5 in Long Blades
 10644 | D:9      | Noticed Erolcha
 10679 | D:9      | Reached XP level 10. HP: 52/71 MP: 0/0
 10695 | D:9      | HP: 2/72 [yak (14)]
 11391 | D:9      | Killed Erolcha
 11392 | D:9      | Reached skill level 5 in Invocations
 11608 | D:9      | Noticed a kobold demonologist
 11615 | D:9      | Killed a kobold demonologist
 11615 | D:9      | Reached ** piety under Yredelemnul
 11640 | D:9      | Your ally Erolcha died
 11641 | D:9      | Reached skill level 8 in Spellcasting
 12587 | D:10     | Entered Level 10 of the Dungeon
 12818 | D:8      | Bought the amulet of the Four Winds {rN+ Will+++ Clar} for
                  | 570 gold pieces
 12818 | D:8      | Found the amulet of the Four Winds {rN+ Will+++ Clar}
 13105 | D:10     | Reached XP level 11. HP: 50/78 MP: 0/0
 13105 | D:10     | Learned a level 4 spell: Sticky Flame
 13821 | D:10     | Found a staircase to the Orcish Mines.
 13898 | D:10     | Noticed a deep elf pyromancer
 13902 | D:10     | Killed a deep elf pyromancer
 14401 | D:10     | Found a portal to a secret trove of treasure.
 15077 | D:11     | Noticed Fannar
 15085 | D:11     | Killed Fannar
 15086 | D:11     | Reached skill level 9 in Spellcasting
 15374 | D:11     | Reached *** piety under Yredelemnul
 15993 | D:11     | Noticed a seven-headed hydra
 15993 | D:11     | Noticed a cyan ugly thing
 16027 | D:11     | Found a staircase to the Lair.
 16279 | Lair:1   | Entered Level 1 of the Lair of Beasts
 16279 | Lair:1   | Noticed a boulder beetle
 16279 | Lair:1   | Noticed a seven-headed hydra
 16284 | Lair:1   | Mangled by a boulder beetle

Illustrated notes

Levels and vault maps discovered:
D:1:      nzn_arrival_depleted_hourglass, layout_basic,
          hellmonk_ecumenical_altar_blasted
D:2:      layout_loops_ring
D:3:      layout_rooms, nicolae_qazlal_scattered_showers,
          minmay_gold_behind_fungi
D:4:      layout_basic
D:5:      layout_gridville
D:6:      layout_loops_corners, minmay_temple_entry_ruins,
          hellmonk_ghost_happy_afterlife, uniq_edmund, uniq_crazy_yiuf_cottage,
          uniq_eustachio
D:7:      layout_layer_cave, serial_glass, glass_columns_c, glass_columns_b,
          feat_on_display
D:8:      layout_basic, serial_shops, kennysheep_mini
D:9:      layout_roguey, serial_bayou_crossing, uniq_erolcha
D:10:     layout_basic, orc_0_dummy, enter_trove_1
D:11:     layout_rooms, due_lair_maze_entry_diamond, lightli_corner_chamber,
          uniq_fannar
Temple:   roderic_octagonal_lattice_temple
Lair:1:   layout_chaotic_city, basic_altar, st_stairs_10,
          kennysheep_snail_temple

Skill      XL: |  1  2  3  4  5  6  7  8  9 10 11 |
---------------+----------------------------------+-----
Spellcasting   | 3 4 5 6 7 8 9 |  9.3
Stealth        | 2 3 4 5 6 |  6.9
Fighting       | 1 2 3 4 5 6 7 |  7.3
Long Blades    | 1 2 3 4 5 6 |  6.6
Invocations    | 1 4 6 7 |  7.8
Dodging        | |  2.1

Action                   |  1- 3 |  4- 6 |  7- 9 | 10-12 || total
-------------------------+-------+-------+-------+-------++-------
Melee: Dagger            |     1 |       |     2 |     1 ||     4
       Unarmed           |       |       |    12 |       ||    12
       Staff             |       |       |       |     4 ||     4
 Cast: Shock             |    84 |    74 |    62 |    15 ||   235
       Foxfire           |     2 |    14 |    68 |     4 ||    88
       Static Discharge  |       |     9 |    32 |     6 ||    47
       Airstrike         |       |       |    47 |   111 ||   158
       Stone Arrow       |       |       |     6 |     4 ||    10
       Lightning Bolt    |       |       |     1 |    18 ||    19
       Swiftness         |       |       |       |     1 ||     1
Invok: Animate Remains   |       |       |     6 |    37 ||    43
       Animate Dead      |       |       |       |     4 ||     4
  Use: Scroll            |       |       |     8 |       ||     8
 Stab: Sleeping          |     1 |       |     2 |     1 ||     4
       Confused          |       |       |     1 |       ||     1
Armor: Robe              |     2 |     1 |     2 |       ||     5
       Leather armour    |       |       |     4 |    13 ||    17
       Skin              |       |       |     1 |       ||     1
Dodge: Dodged            |    13 |     9 |    32 |    13 ||    67

Table legend: (Time is in decaauts)
 A = Elapsed time spent in this place.
 B = Non-inter-level travel time spent in this place.
 C = Inter-level travel time spent in this place.
 D = Time resting spent in this place.
 E = Time spent auto-exploring this place.
 F = Levels seen in this place.
 G = Mean time per level.
                   A        B        C        D        E       F      G
               +--------+--------+--------+--------+--------+-----+--------+
         Total |  16282 |  15371 |    911 |   5774 |   8073 |  13 | 1252.5 |
       Dungeon |  15767 |  14881 |    886 |   5569 |   7798 |  11 | 1433.4 |
        Temple |    510 |    485 |     25 |    205 |    275 |   1 |  510.0 |
          Lair |      4 |      4 |      0 |      0 |      0 |   1 |    4.0 |
               +--------+--------+--------+--------+--------+-----+--------+

Top non-repeatable levels by time:
     D:9: 2267 daAuts
    D:10: 2103 daAuts
     D:6: 1875 daAuts
     D:1: 1630 daAuts
     D:7: 1379 daAuts
     D:5: 1313 daAuts
     D:8: 1138 daAuts
     D:2: 1101 daAuts
     D:4: 1100 daAuts
    D:11: 1087 daAuts
     D:3: 769 daAuts
  Temple: 510 daAuts
  Lair:1: 4 daAuts
